 Dungeon Crawl Stone Soup version 0.23-b1-84-g6588a6b (webtiles) character file.

Game seed: 354096812097901488

16654 Folque the Geomancer (level 12, -9/90 HPs)
             Began as a Red Draconian Earth Elementalist on Feb 7, 2019.
             Was an Elder of Sif Muna.
             Mangled by a sixfirhy (11 damage)
             ... on level 13 of the Dungeon.
             The game lasted 00:54:20 (14687 turns).

Folque the Geomancer (DrEE)                        Turns: 14687, Time: 00:54:21

Health: -9/90      AC: 11    Str: 10    XL:     12   Next: 12%
Magic:  0/25       EV: 14    Int: 20    God:    Sif Muna [****..]
Gold:   482        SH:  0    Dex: 13    Spells: 14/29 levels left

rFire    + . .     SeeInvis .   g - +2 dagger (holy)
rCold    . . .     Gourm    .   (no shield)
rNeg     . . .     Faith    .   (armour unavailable)
rPois    .         Spirit   .   (helmet restricted)
rElec    .         Reflect  .   (no cloak)
rCorr    .         Harm     .   l - +2 pair of gloves
MR       .....                  (no boots)
Stlth    +++.......             (no amulet)
HPRegen  0.25/turn              (no ring)
MPRegen  0.19/turn              (no ring)

@: no casting
A: breathe fire, unfitting armour, fire resistance 1, cold-blooded, AC +8
a: Breathe Fire, Stop Divine Energy, Channel Magic, Forget Spell, Renounce
Religion


You were on level 13 of the Dungeon.
You worshipped Sif Muna.
Sif Muna was greatly pleased with you.
You were near starving.

You visited 1 branch of the dungeon, and saw 13 of its levels.

You collected 482 gold pieces.

Inventory:

Hand Weapons
 d - a cursed +0 dagger
 f - a +0 dagger
 g - a +2 dagger of holy wrath (weapon)
 i - a cursed +0 hand axe
 q - a +0 rapier
 u - a +2 whip of electrocution
 K - a +0 blowgun
Missiles
 b - 326 stones (quivered)
 L - 41 poisoned needles
Armour
 l - a +2 pair of gloves (worn)
Jewellery
 h - an uncursed amulet of faith
 C - an uncursed ring of resist corrosion {unknown}
 H - an uncursed ring of flight {unknown}
 J - an uncursed ring of wizardry {unknown}
 O - a cursed ring of attention {unknown}
 P - an uncursed ring of protection from magic {unknown}
Wands
 m - a wand of enslavement (8)
 y - a wand of scattershot (12)
 I - a wand of random effects (17)
 Q - a wand of iceblast (6)
 R - a wand of paralysis (9)
Scrolls
 a - 2 scrolls of immolation {unknown}
 e - 5 scrolls of teleportation
 k - 3 scrolls of magic mapping {unknown}
 o - 8 scrolls of remove curse {unknown}
 p - 3 scrolls of noise {unknown}
 r - 3 scrolls of blinking {unknown}
 w - 3 scrolls of fear {unknown}
 A - 11 scrolls of identify
 E - 3 scrolls of fog {unknown}
 N - 2 scrolls of enchant armour {unknown}
Potions
 n - a potion of magic {unknown}
 s - 2 potions of might {unknown}
 t - 3 potions of invisibility {unknown}
 v - 5 potions of curing
 x - 3 potions of haste {unknown}
 z - a potion of resistance {unknown}
 B - a potion of ambrosia {unknown}
 D - a potion of cancellation {unknown}
 F - 2 potions of lignification {unknown}
 G - 3 potions of berserk rage {unknown}
 M - 3 potions of agility {unknown}
Comestibles
 c - 11 rations


   Skills:
 + Level 3.6 Fighting
 - Level 5.2 Short Blades
 + Level 4.6 Dodging
 - Level 5.2 Stealth
 - Level 9.1 Spellcasting
 - Level 4.0 Conjurations
 - Level 5.0 Transmutations
 * Level 12.2 Earth Magic
 - Level 6.0 Invocations


You had 14 spell levels left.
You knew the following spells:

 Your Spells              Type           Power        Failure   Level  Hunger
a - Sandblast             Erth           ######       1%          1    None
b - Passwall              Tmut/Erth      #####...     1%          2    None
c - Stone Arrow           Conj/Erth      #####.       1%          3    None
d - Lee's Rapid Deconstr  Erth           ######....   1%          5    #####..
e - Petrify               Tmut/Erth      #####...     2%          4    ###....

Your spell library contained the following spells:

 Spells                   Type           Power        Failure   Level  Hunger
 Shock                    Conj/Air       ###.         3%          1    None
 Animate Skeleton         Necr           N/A          8%          1    None
 Apportation              Tloc           #.....       8%          1    None
 Confusing Touch          Hex            #.....       8%          1    None
 Summon Small Mammal      Summ           #...         8%          1    None
 Static Discharge         Conj/Air       ###.....     10%         3    None
 Poisonous Vapours        Pois/Air       #.....       12%         2    None
 Recall                   Summ/Tloc      N/A          22%         3    None
 Disjunction              Tloc           #.........   100%        8    #######


Dungeon Overview and Level Annotations

Branches:
Dungeon (13/15)            Temple (0/1) D:6            Lair (0/6) D:9
    Orc (0/2) D:10
 Vaults: D:13-14

Altars:
Elyvilon
Fedhas
Makhleb
Okawaru
Qazlal
Sif Muna
Trog
Uskayaw
Vehumet
Yredelemnul
Zin
Beogh

Shops:
D:4 :(([   D:12 %

Annotations:
D:8 2 transporters
D:9 2 runed translucent doors, exclusion: orange crystal statue


Innate Abilities, Weirdness & Mutations

You can breathe blasts of fire.
Your fiery red scales are hard. (AC +8)
You cannot fit into any form of body armour.
Your flesh is heat resistant. (rF+)
You are cold-blooded and may be slowed by cold attacks.


Message History

As you read the scroll of teleportation, it crumbles to dust.
You feel strangely unstable.
Casting: Petrify (safe; 2% risk of failure)
Confirm with . or Enter, or press ? or * to list all spells.
Aiming: Lee's Rapid Deconstruction (safe; 1% risk of failure)
Press: ? - help, Dir - move target cursor, f - skeletal warrior Fragment what (e.g. wall or brittle monster)?: a skeletal warrior, wielding a +0 battleaxe (hasn't noticed you)
The skeletal warrior shatters!
The skeletal warrior is moderately damaged.
The blast of bone shards hits the meliai!!
You kill the meliai!
Sif Muna accepts your kill. Sif Muna grants you divine energy.
You briefly lose access to your magic!
You hear a roar!
A skeletal warrior comes into view. It is wielding a +0 dire flail.
Your surroundings suddenly seem different.
The sixfirhy hits you!
* * * LOW HITPOINT WARNING * * *
The sixfirhy shocks you!
You die...

##.#. #.# #.# ..
#.####.## ##
#.D.3.... ## ##
######.## ##.
..## #.# ##...
..z.## #.#
##....###.z..##
#.#
#........)....#
#.# #.. #.#@#z#
..### #.#
....#.)83.#.....#
#.#
#...#.#}#.#h..#
...
#.............#
#....###....##
##........?##
##.......##
##.....## ###.###


You could see 2 skeletal warriors and a sixfirhy.

Vanquished Creatures
  A two-headed ogre (D:9)
  4 ugly things
  A manticore (D:11)
  A cyclops (D:11)
  An elephant (D:9)
  2 gargoyles
  3 meliai (D:13)
  A queen bee (D:8)
  2 trolls
  A hornet (D:10)
  2 hippogriffs
  5 yaks
  4 fire bats (D:8)
  Eustachio (D:6)
  Menkaure (D:5)
  A soldier ant (D:10)
  A water moccasin (D:9)
  A hell hound (D:8)
  3 ice beasts
  3 orc warriors
  A black bear (D:8)
  A hornet zombie (D:8)
  2 necrophages (D:8)
  3 sky beasts
  2 phantoms
  12 ogres
  10 centaurs
  3 crocodiles (D:9)
  6 big kobolds
  7 bullfrogs
  2 gnoll sergeants
  A wyvern skeleton (D:11)
  4 scorpions
  25 killer bees
  A water moccasin skeleton (D:6)
  2 lava snakes (D:8)
  6 howler monkeys
  8 crimson imps
  A quasit (D:8)
  4 centaur zombies
  5 hounds
  3 jellies
  10 orc priests
  3 bullfrog skeletons
  4 centaur skeletons
  Ijyb (D:4)
  5 iguanas
  11 orc wizards
  9 worker ants
  A statue (D:9)
  A hound skeleton (D:10)
  Robin (D:3)
  9 adders
  11 gnolls
  7 shadow imps
  An ooze (D:2)
  An adder zombie (D:6)
  An adder skeleton (D:4)
  A worm (D:4)
  A dart slug (D:1)
  5 leopard geckos
  47 orcs
  3 ball pythons
  4 giant cockroaches
  18 goblins
  13 hobgoblins
  8 jackals
  5 quokkas
  4 bats
  10 frilled lizards
  A jackal skeleton (D:4)
  30 kobolds
  A leopard gecko skeleton (D:6)
  A quokka skeleton (D:8)
  3 rats
  A spectral orc (D:5)
  A butterfly (D:6)
381 creatures vanquished.

Vanquished Creatures (others)
  2 fire vortices (D:8)
2 creatures vanquished.

Grand Total: 383 creatures vanquished

Notes
Turn   | Place    | Note
-------+----------+-------------------------------------------
     0 | D:1      | Folque the Draconian Earth Elementalist began the quest for
                  | the Orb.
     0 | D:1      | Reached XP level 1. HP: 14/14 MP: 3/3
   231 | D:1      | Reached skill level 1 in Fighting
   365 | D:1      | Reached XP level 2. HP: 13/23 MP: 0/5
   755 | D:1      | Learned a level 2 spell: Passwall
  1531 | D:2      | Reached XP level 3. HP: 29/29 MP: 4/6
  1542 | D:2      | Learned a level 3 spell: Stone Arrow
  2145 | D:2      | Reached XP level 4. HP: 36/36 MP: 4/8
  2156 | D:2      | Reached skill level 1 in Conjurations
  2446 | D:2      | Reached XP level 5. HP: 29/41 MP: 2/10
  2460 | D:2      | Learned a level 5 spell: Lee's Rapid Deconstruction
  2794 | D:3      | Reached skill level 4 in Earth Magic
  2977 | D:3      | Reached XP level 6. HP: 36/48 MP: 3/12
  3198 | D:3      | Found a bloodstained altar of Trog.
  3208 | D:3      | Reached skill level 5 in Earth Magic
  3252 | D:3      | Noticed Robin
  3359 | D:3      | Killed Robin
  3944 | D:4      | Noticed Ijyb
  3955 | D:4      | Killed Ijyb
  3955 | D:4      | Your scales start taking on a fiery red colour.
  3955 | D:4      | Reached XP level 7. HP: 55/55 MP: 0/13
  3955 | D:4      | Gained mutation: Your flesh is heat resistant. (rF+) [Red
                  | Draconian growth]
  3956 | D:4      | Found Yblauf's Book Emporium.
  4019 | D:4      | Found Cenu's Armour Shoppe.
  4306 | D:4      | Found Budef's Antique Weapon Shop.
  4428 | D:4      | Found Vuklum's Weapon Shoppe.
  4618 | D:4      | Reached skill level 5 in Spellcasting
  4618 | D:4      | Reached skill level 6 in Earth Magic
  4624 | D:4      | Learned a level 4 spell: Petrify
  4705 | D:5      | Entered Level 5 of the Dungeon
  5112 | D:5      | Found a basalt altar of Yredelemnul.
  5160 | D:5      | Reached XP level 8. HP: 61/61 MP: 3/15
  5303 | D:6      | Noticed Menkaure
  5314 | D:5      | Killed Menkaure
  5441 | D:6      | Reached skill level 7 in Earth Magic
  5798 | D:6      | Noticed Eustachio
  5941 | D:6      | Reached skill level 5 in Transmutations
  5984 | D:6      | Reached skill level 8 in Earth Magic
  6260 | D:6      | Killed Eustachio
  6260 | D:6      | Reached XP level 9. HP: 62/67 MP: 0/17
  6404 | D:6      | Found a hide-covered altar of Uskayaw.
  6624 | D:6      | Found a stormy altar of Qazlal.
  6790 | D:6      | Found a deep blue altar of Sif Muna.
  6806 | D:6      | Became a worshipper of Sif Muna the Loreminder
  6859 | D:6      | Found a staircase to the Ecumenical Temple.
  7236 | D:7      | Reached skill level 9 in Earth Magic
  8119 | D:8      | Reached * piety under Sif Muna
  8120 | D:8      | Noticed a queen bee
  8255 | D:8      | Reached skill level 10 in Earth Magic
  8551 | D:8      | Noticed an eight-headed hydra
  8558 | D:8      | Killed a queen bee
  8558 | D:8      | Reached skill level 1 in Short Blades
  8558 | D:8      | Reached XP level 10. HP: 73/73 MP: 4/20
  8561 | D:8      | Found a transporter.
  8572 | D:8      | Noticed a gargoyle
  8744 | D:8      | Found a glowing silver altar of Zin.
  8765 | D:8      | Found a transporter.
  9434 | D:8      | Reached ** piety under Sif Muna
  9551 | D:8      | Found a white marble altar of Elyvilon.
  9804 | D:9      | Found a runed translucent door.
  9812 | D:9      | Found the +10 large shield of Ignorance {rN+ Int-4}
  9827 | D:9      | Noticed a two-headed ogre
  9845 | D:9      | Killed a two-headed ogre
  9845 | D:9      | Reached skill level 5 in Short Blades
 10021 | D:9      | Found an iron altar of Okawaru.
 10221 | D:9      | Found a blossoming altar of Fedhas.
 10638 | D:9      | Reached *** piety under Sif Muna
 10639 | D:9      | Reached XP level 11. HP: 61/79 MP: 1/23
 10916 | D:9      | Found a staircase to the Lair.
 10971 | D:9      | Found a radiant altar of Vehumet.
 11063 | D:9      | Found a runed translucent door.
 11066 | D:9      | Noticed an orange crystal statue
 11118 | D:10     | Entered Level 10 of the Dungeon
 11446 | D:10     | Reached skill level 5 in Stealth
 11510 | D:10     | Noticed a white ugly thing
 11550 | D:10     | Killed a white ugly thing
 11578 | D:10     | Found a staircase to the Orcish Mines.
 11582 | D:10     | Found a roughly hewn altar of Beogh.
 11872 | D:10     | Reached skill level 11 in Earth Magic
 12288 | D:11     | Reached skill level 1 in Invocations
 12408 | D:11     | Reached **** piety under Sif Muna
 13069 | D:11     | Noticed a cyan ugly thing
 13095 | D:11     | Killed a cyan ugly thing
 13095 | D:11     | Reached skill level 5 in Invocations
 13340 | D:11     | Noticed a white ugly thing
 13354 | D:11     | Killed a white ugly thing
 13651 | D:12     | Found a burning altar of Makhleb.
 13669 | D:12     | Identified the Tome of the Compass and Flight
 13697 | D:12     | Noticed a red ugly thing
 13711 | D:12     | Killed a red ugly thing
 13711 | D:12     | Reached skill level 12 in Earth Magic
 13827 | D:12     | Reached XP level 12. HP: 89/89 MP: 17/25
 13872 | D:12     | Found Qybity's Food Boutique.
 14663 | D:13     | Noticed a storm dragon
 14683 | D:13     | Found the +8 arc blade {discharge, rElec}
 14687 | D:13     | HP: 2/90 [sixfirhy (11)]
 14687 | D:13     | Mangled by a sixfirhy

Skill      XL: |  1  2  3  4  5  6  7  8  9 10 11 12 |
---------------+-------------------------------------+-----
Fighting       | 1 2 3 |  3.6
Spellcasting   | 3 4 5 6 8 9 |  9.1
Conjurations   | 1 2 3 4 |  4.0
Earth Magic    | 4 5 6 8 10 12 | 12.2
Transmutations | 2 5 |  5.0
Dodging        | 2 4 |  4.6
Short Blades   | 1 5 |  5.2
Stealth        | 4 5 |  5.2
Invocations    | 5 6 |  6.0

Action                   |  1- 3 |  4- 6 |  7- 9 | 10-12 || total
-------------------------+-------+-------+-------+-------++-------
Melee: Unarmed           |    61 |       |       |       ||    61
       Tailslap          |    15 |    15 |    34 |    50 ||   114
       Dagger            |    86 |   179 |   264 |   400 ||   929
 Cast: Sandblast         |    15 |    23 |    21 |    51 ||   110
       Stone Arrow       |     3 |    26 |    59 |    59 ||   147
       Passwall          |     1 |     2 |       |     1 ||     4
       Lee's Rapid Decon |       |     1 |    19 |    47 ||    67
       Petrify           |       |       |    13 |    49 ||    62
Invok: Divine Energy     |       |       |     1 |       ||     1
       Channel Magic     |       |       |       |     1 ||     1
 Abil: Breathe Fire      |       |       |     5 |       ||     5
  Use: Scroll            |       |     6 |       |     3 ||     9
       Potion            |       |       |       |     3 ||     3
 Stab: Sleeping          |       |     2 |     2 |     6 ||    10
       Petrified         |       |       |    51 |    60 ||   111
       Petrifying        |       |       |       |     3 ||     3
  Eat: Chunk             |     5 |     8 |    20 |    24 ||    57
       Ration            |       |       |     2 |     3 ||     5
Armor: Skin              |    42 |    64 |    87 |   101 ||   294
Dodge: Dodged            |    88 |   122 |   165 |   269 ||   644
